 Dungeon Sprint DCSS version 0.29.1-13-g9f3cf754e1 (webtiles) character file.

Game seed: 17638537963346089246

763 Groucho the Trooper (level 7, -2/48 HPs)
             Began as a Gargoyle Gladiator on Feb 5, 2023.
             Was a Follower of Cheibriados.
             Slain by a two-headed ogre
             ... wielding a +0 giant spiked club
              (14 damage)
             ... in the Dungeon (Sprint IX: "|||||||||||||||||||||||||||||").
             The game lasted 00:02:23 (682 turns).

Groucho the Trooper (Gargoyle Gladiator)             Turns: 682, Time: 00:02:24

Health: -2/48      AC: 20    Str: 20    XL:     7   Next: 81%
Magic:  9/11       EV: 10    Int: 14    God:    Cheibriados [*.....]
Gold:   0          SH:  0    Dex: 14    Spells: 6/6 levels left

rFire   . . .      SeeInvis .   n - +2 dire flail (vorpal)
rCold   . . .      Faith    .   (shield currently unavailable)
rNeg    + . .      Spirit   .   p - +1 chain mail
rPois   ∞          Reflect  .   c - +0 helmet
rElec   +          Harm     .   o - +0 cloak
rCorr   .          Rampage  .   a - +0 pair of gloves
Will    .....      NoTele   +   (no boots)
Stlth   ..........              (no amulet)
HPRegen 0.16/turn               (no ring)
MPRegen 0.12/turn               (no ring)

@: very slow
A: sickness immunity, AC +4, negative energy resistance 1, electricity
resistance, torment resistance 1, petrification resistance
a: Renounce Religion, Bend Time


You were in the Dungeon.
You worshipped Cheibriados.
Cheibriados was aware of your devotion.
You visited 1 branch

Inventory:

Hand Weapons
 n - a +2 vorpal dire flail (weapon)
Missiles
 d - 2 throwing nets (quivered)
Armour
 a - a +0 pair of gloves (worn)
 c - a +0 helmet (worn)
 o - a +0 cloak (worn)
 p - a +1 chain mail (worn)
Jewellery
 b - a +3 ring of strength
 q - a +2 ring of evasion
Wands
 m - a wand of iceblast (10)
Scrolls
 k - a scroll of blinking
 l - 2 scrolls of amnesia
Potions
 f - 3 potions of curing
 h - a potion of haste
 i - 4 potions of magic


   Skills:
 + Level 7.9 Fighting
 + Level 7.5 Maces & Flails
 + Level 6.7 Throwing
 + Level 7.5 Armour
 + Level 6.2 Dodging
 * Level 6.3 Invocations


You had 6 spell levels left.
You didn't know any spells.
Your spell library was empty.

Dungeon Overview and Level Annotations

Branches:
Dungeon (1/1)

Altars:
Cheibriados
Dithmenos
Elyvilon
Fedhas
Gozag
Hepliaklqana
Kikubaaqudgha
Makhleb
Nemelex Xobeh
Okawaru
Qazlal
Ru
Sif Muna
Trog
Uskayaw
Vehumet
Wu Jian
Xom
Yredelemnul
Zin
The Shining One
Jiyva
Lugonu


Innate Abilities, Weirdness & Mutations

You are immune to sickness and miasma.
Your stone body is resilient. (AC +4)
You are immune to poison.
You resist negative energy. (rN+)
You are resistant to electric shocks. (rElec)
You are resistant to unholy torment.
You are immune to petrification.


Message History

Unknown command.
You feel better.
You feel better.
A vampire appears from thin air!
Reactivating autopickup.
The vampire gestures wildly while chanting.
The vampire flickers and vanishes!
Deactivating autopickup; reactivate with Ctrl-A.
Okay, then.
Throw: 3 throwing nets
Press: ? - help, Q - select action, (/) - cycle Shift-Dir - straight line, f/p - two-headed ogre
Aim: a two-headed ogre, wielding a +0 giant spiked club and a +0 giant club (heavily wounded, 78% to hit)
You throw a throwing net.
The throwing net hits the two-headed ogre.
The two-headed ogre is caught in the net!
The two-headed ogre is heavily wounded.
The two-headed ogre struggles against the net.
Unknown command.
Unknown command.
The two-headed ogre struggles against the net.
The two-headed ogre struggles against the net. x2
The two-headed ogre struggles against the net.
The net rips apart, and the two-headed ogre comes free!
You thump the two-headed ogre!
The two-headed ogre is severely wounded.
The two-headed ogre barely misses you. x2
You barely miss the two-headed ogre.
The two-headed ogre is severely wounded.
The yak snorts and paws the ground.
Unknown command.
Unknown command.
You hit the two-headed ogre.
The two-headed ogre is almost dead.
The two-headed ogre hits you with a +0 giant spiked club.
The two-headed ogre hits you with a +0 giant club!
* * * LOW HITPOINT WARNING * * *
Unknown command.
You hit the two-headed ogre but do no damage.
The two-headed ogre is almost dead.
The two-headed ogre hits you with a +0 giant spiked club!
You die...

▓_▓
▓_▓
▓'▓
▓.▓
▓.▓
▓)▓
▓.▓
▓.▓
▓@▓
▓O▓
▓{▓
▓Y▓
▓(▓
▓)▓
▓.▓
▓.▓
▓.▓


You could see a two-headed ogre and a yak.

Vanquished Creatures
  A gargoyle (D)
  A wraith (D)
  An ogre (D)
  A phantom (D)
  A kobold brigand (D)
  A necrophage (D)
  A hound (D)
  3 dart slugs (D)
  An endoplasm (D)
  A kobold (D)
  A rat (D)
13 creatures vanquished.

Notes
Turn   | Place    | Note
-------+----------+-------------------------------------------
     0 | D        | Groucho the Gargoyle Gladiator began the quest for the Orb.
     0 | D        | Reached XP level 1. HP: 12/12 MP: 1/1
     8 | D        | Reached skill level 1 in Armour
    14 | D        | Reached XP level 2. HP: 7/18 MP: 2/2
   377 | D        | Noticed a necrophage
   377 | D        | Noticed an ogre
   377 | D        | Noticed a phantom
   391 | D        | Reached XP level 3. HP: 16/24 MP: 3/3
   395 | D        | Killed a necrophage
   396 | D        | Reached XP level 4. HP: 14/30 MP: 4/4
   397 | D        | Killed an ogre
   398 | D        | Reached skill level 5 in Fighting
   398 | D        | Reached skill level 5 in Maces & Flails
   398 | D        | Reached skill level 5 in Armour
   398 | D        | Reached XP level 5. HP: 17/36 MP: 5/5
   415 | D        | Killed a phantom
   416 | D        | Reached skill level 5 in Throwing
   416 | D        | Reached skill level 5 in Dodging
   416 | D        | Reached XP level 6. HP: 34/42 MP: 6/6
   569 | D        | Found a snail-covered altar of Cheibriados.
   569 | D        | Found a shadowy altar of Dithmenos.
   569 | D        | Found a white marble altar of Elyvilon.
   569 | D        | Found a blossoming altar of Fedhas.
   569 | D        | Found an opulent altar of Gozag.
   570 | D        | Found a hazy altar of Hepliaklqana.
   571 | D        | Found a viscous altar of Jiyva.
   572 | D        | Found an ancient bone altar of Kikubaaqudgha.
   573 | D        | Became a worshipper of Cheibriados the Contemplative
   574 | D        | Found a corrupted altar of Lugonu.
   575 | D        | Found a burning altar of Makhleb.
   576 | D        | Found a sparkling altar of Nemelex Xobeh.
   577 | D        | Found an iron altar of Okawaru.
   578 | D        | Found a stormy altar of Qazlal.
   579 | D        | Found a sacrificial altar of Ru.
   580 | D        | Found a shimmering blue altar of Sif Muna.
   581 | D        | Found a bloodstained altar of Trog.
   582 | D        | Found a hide-covered altar of Uskayaw.
   583 | D        | Found a radiant altar of Vehumet.
   584 | D        | Found an ornate altar of the Wu Jian Council.
   585 | D        | Found a shimmering altar of Xom.
   586 | D        | Found a basalt altar of Yredelemnul.
   587 | D        | Found a glowing silver altar of Zin.
   588 | D        | Found a glowing golden altar of the Shining One.
   640 | D        | Noticed a gargoyle
   640 | D        | Noticed a wraith
   640 | D        | Noticed a two-headed ogre
   640 | D        | Noticed a vampire
   640 | D        | Noticed a yak
   652 | D        | Killed a gargoyle
   653 | D        | Reached skill level 5 in Invocations
   653 | D        | Reached XP level 7. HP: 21/48 MP: 6/10
   660 | D        | Killed a wraith
   660 | D        | Reached * piety under Cheibriados
   682 | D        | Slain by a two-headed ogre

Illustrated notes

Levels and vault maps discovered:
D:        linesprint [early_d, line_temple, items_1, d_10, items_2, lair_1,
          lair_end, items_3, orc_1, orc_end, items_4, d_15, swamp_1, shoals_1,
          snake_1, spider_1, d_20, vaults_1, items_5, swamp_end, shoals_end,
          snake_end, spider_end, vaults_end, d_27, items_6, zot_1, zot_end,
          crypt_end, forest_end, elf_end, slime_end, tomb_end, abyss_end,
          pan_hell_end]

Skill      XL: |  1  2  3  4  5  6  7 |
---------------+----------------------+-----
Throwing       | 2 3 4 5 6 |  6.7
Armour         | 1 2 4 5 6 7 |  7.5
Fighting       | 3 4 5 6 7 |  7.9
Maces & Flails | 4 5 6 7 |  7.5
Dodging        | 3 4 5 6 |  6.2
Invocations    | 5 6 |  6.3

Action                   |  1- 3 |  4- 6 |  7- 9 || total
-------------------------+-------+-------+-------++-------
Melee: Flail             |    25 |    18 |       ||    43
       Dire flail        |       |    10 |    21 ||    31
Throw: Javelin           |       |       |     1 ||     1
       Throwing net      |       |       |     1 ||     1
  Use: Potion            |     1 |     3 |     3 ||     7
       Scroll            |       |       |     1 ||     1
 Stab: Invisible         |       |     1 |       ||     1
Armor: Leather armour    |     5 |     5 |       ||    10
       Chain mail        |       |     3 |     9 ||    12
Dodge: Dodged            |    13 |    21 |     4 ||    38
